 Dungeon Crawl Stone Soup version 0.27.0-1-g7a089689b8 (webtiles) character file.

Game seed: 8754280260803120552

455 trckry the Cudgeller (level 7, -14/52 HPs)
             Began as a Human Delver on Aug 8, 2021.
             Was a Priest of Lugonu.
             Killed from afar by a steam dragon (22 damage)
             ... with a ball of steam
             ... on level 4 of the Dungeon.
             The game lasted 00:06:38 (2871 turns).

trckry the Cudgeller (Human Delver)                 Turns: 2871, Time: 00:06:38

Health: -14/52     AC:  3    Str: 17    XL:     7   Next: 26%
Magic:  8/9        EV: 12    Int:  6    God:    Lugonu [***...]
Gold:   197        SH:  0    Dex: 14    Spells: 6/6 levels left

rFire    . . .     SeeInvis .   h - +12 mace of Dissatisfaction {freeze, rElec Str+2 Int-4}
rCold    . . .     Faith    .   (no shield)
rNeg     . . .     Spirit   .   b - +0 leather armour
rPois    .         Reflect  .   (no helmet)
rElec    +         Harm     .   (no cloak)
rCorr    .         Rampage  .   (no gloves)
Will     .....                  (no boots)
Stlth    +++.......             (no amulet)
HPRegen  0.17/turn              (no ring)
MPRegen  0.11/turn              (no ring)

@: no status effects
A: no striking features
a: Renounce Religion, Depart the Abyss, Bend Space, Banish


You were on level 4 of the Dungeon.
You worshipped Lugonu.
Lugonu was most pleased with you.
You visited 1 branch of the dungeon, and saw 5 of its levels.

You collected 197 gold pieces.

Inventory:

Hand Weapons
 h - the +12 mace of Dissatisfaction (weapon) {freeze, rElec Str+2 Int-4}
   (You found it on level 4 of the Dungeon)

   It freezes those it strikes, dealing additional cold damage.
   It can also slow down cold-blooded creatures.
   Str:       It affects your strength (+2).
   Int:       It affects your intelligence (-4).
   rElec:     It insulates you from electricity.
Armour
 b - a +0 leather armour (worn)
Wands
 g - a wand of digging (3)
 j - a wand of polymorph (21)
Scrolls
 a - 4 scrolls of identify {unknown}
 c - 2 scrolls of fog
 d - a scroll of magic mapping
 e - a scroll of fear
 l - a scroll of enchant weapon {unknown}
 n - a scroll of immolation {unknown}
 o - 2 scrolls of vulnerability {unknown}
 p - 2 scrolls of teleportation {unknown}
Potions
 f - a potion of haste
 i - a potion of curing {unknown}
 k - 2 potions of might {unknown}
 m - a potion of mutation {unknown}
 q - a potion of resistance {unknown}


   Skills:
 - Level 3.0 Fighting
 * Level 5.6 Maces & Flails
 - Level 2.0 Dodging
 - Level 5.0 Stealth
 + Level 2.9 Invocations
 + Level 3.4 Evocations


You had 6 spell levels left.
You didn't know any spells.
Your spell library was empty.

Dungeon Overview and Level Annotations

Branches:
Dungeon (5/15)
 Temple: D:4-7

Altars:
Kikubaaqudgha
Lugonu


Message History

You climb upwards.
There is a stone staircase leading down here.
You barely miss the phantom. The phantom misses you.
You closely miss the phantom. The phantom hits you.
The phantom blinks!
You blink.
You take 5 damage, and have 47/52 hp.
You thump the phantom!
The phantom is heavily damaged.
The phantom hits you but does no damage.
You sock the phantom!
You destroy the phantom!
Lugonu accepts your kill.
No target in view!
There is a stone staircase leading down here.
You climb downwards.
There is a stone staircase leading up here.
The steam dragon hisses angrily.
The steam dragon breathes steam at you. The ball of steam hits you!!
You hear a shout!
You take 20 damage, and have 29/52 hp.
MASSIVE DAMAGE!!
A hobgoblin comes into view.
The steam dragon bites you! The steam dragon misses you.
You take 9 damage, and have 20/52 hp.
MP restored: 9 You hit the steam dragon.
You freeze the steam dragon.
The steam dragon is lightly wounded.
The steam dragon bites you but does no damage.
The steam dragon claws you. The steam dragon bites you!
* * * LOW HITPOINT WARNING * * *
The steam dragon claws you.
* * * LOW HITPOINT WARNING * * *
You take 10 damage, and have 10/52 hp.
Space bends around you!
You blink.
You take 2 damage, and have 8/52 hp.
You now have 8/9 mp.
Okay, then.
You completely miss the hobgoblin. The steam dragon breathes steam at you.
The ball of steam hits you!!
You die...

#......######.....÷##
#......# ######..####
#......## ##.....
#.......## ########
#.<......######
#..>....
########..[...#
#....... #..........#.
#....... #..........#
#......) #....g@§D..#
........ #.......§..#
........ #..........#
#....... #..........##.
.###.#..
#........<.##...###.##.
#######..####....[..(..
#... ....##.### #<#.# .
#.# # #. . ##>###


You could see a steam dragon (catching breath) and a hobgoblin.

Vanquished Creatures
  Sigmund (D:3)
  A phantom (D:3)
  2 iguanas (D:4)
  Terence (D:3)
  A hound skeleton (D:3)
  3 gnolls (D:2)
  An adder (D:3)
  An adder skeleton (D:4)
  A worm (D:2)
  3 dart slugs
  3 orcs (D:4)
  6 ball pythons
  5 endoplasms
  4 giant cockroaches
  4 goblins
  6 hobgoblins
  12 jackals
  7 kobolds
  5 quokkas
  3 bats
  A frilled lizard (D:1)
  8 rats
79 creatures vanquished.

Notes
Turn   | Place    | Note
-------+----------+-------------------------------------------
     0 | D:5      | trckry the Human Delver began the quest for the Orb.
     0 | D:5      | Reached XP level 1. HP: 18/18 MP: 1/1
     9 | D:5      | Noticed a necrophage
    21 | D:4      | Identified the +12 mace of Dissatisfaction {freeze, rElec
                  | Str+2 Int-4}
    50 | D:4      | Noticed a jelly
    92 | D:4      | Reached XP level 2. HP: 24/24 MP: 2/2
   105 | D:4      | Reached skill level 1 in Evocations
   244 | D:4      | Reached XP level 3. HP: 10/29 MP: 3/3
   456 | D:4      | Reached XP level 4. HP: 29/35 MP: 4/4
   517 | D:4      | Noticed a steam dragon
   629 | D:2      | Found a faded altar of an unknown god.
   728 | D:2      | Became a worshipper of Lugonu the Unformed
   728 | D:2      | Reached * piety under Lugonu
   728 | D:2      | Reached ** piety under Lugonu
   839 | D:2      | Reached XP level 5. HP: 24/41 MP: 5/5
   839 | D:2      | Found an ancient bone altar of Kikubaaqudgha.
  1197 | D:2      | Reached skill level 1 in Invocations
  1877 | D:1      | Reached *** piety under Lugonu
  2344 | D:3      | Noticed Terence
  2348 | D:3      | Killed Terence
  2351 | D:3      | Noticed Sigmund
  2357 | D:3      | Killed Sigmund
  2358 | D:3      | Reached skill level 5 in Maces & Flails
  2358 | D:3      | Reached XP level 6. HP: 44/47 MP: 7/7
  2494 | D:3      | Reached XP level 7. HP: 52/52 MP: 8/8
  2871 | D:4      | Killed from afar by a steam dragon

Illustrated notes

Levels and vault maps discovered:
D:1:      eino_arrival_tree_alley, layout_loops_corners
D:2:      wad_pebble_path, layout_loops_cross, basic_altar,
          shapermc_ecumenical_altar_pompeii, minmay_pentomino_p2
D:3:      layout_rooms, serial_rivers, chequers_serial_rivers_micro_e,
          chequers_serial_rivers_micro_b, chequers_serial_rivers_small_b,
          chequers_serial_rivers_large_a, chequers_serial_rivers_marsh,
          chequers_serial_rivers_room_b, uniq_terence, uniq_sigmund
D:4:      layout_rooms, grunt_decor_junction, uniq_crazy_yiuf_cottage
D:5:      layout_cave_pools, ebering_ghost_reflecting_pool, serial_undead,
          serial_undead_e, serial_undead_a, serial_undead_e, serial_undead_c,
          serial_undead_b, uniq_eustachio

Skill      XL: |  1  2  3  4  5 |
---------------+----------------+-----
Evocations     | 1 2 3 |  3.4
Maces & Flails | 3 4 5 |  5.6
Invocations    | 2 |  2.9
Fighting       | |  3.0
Dodging        | |  2.0
Stealth        | |  5.0

Action                   |  1- 3 |  4- 6 |  7- 9 || total
-------------------------+-------+-------+-------++-------
Melee: Mace              |    13 |    83 |    16 ||   112
Invok: Bend Space        |       |       |     1 ||     1
 Stab: Sleeping          |     2 |    19 |     3 ||    24
       Distracted        |       |     1 |       ||     1
Armor: Leather armour    |       |    19 |     6 ||    25
Dodge: Dodged            |     4 |    39 |     6 ||    49
